 Dungeon Crawl Stone Soup version 0.24.0-123-gd5b16e6ec5 (webtiles) character file.

Game seed: 10268591112185608967, levelgen mode: deterministic

476 DungeonDestroyer the Shield-Bearer (level 7, -3/59 HPs)
             Began as a Gnoll Fighter on Feb 2, 2020.
             Slain by Blork the orc
             ... wielding a +0 broad axe
              (4 damage)
             ... on level 4 of the Dungeon.
             The game lasted 00:08:49 (3269 turns).

DungeonDestroyer the Shield-Bearer (Gnoll Fighter)  Turns: 3269, Time: 00:08:49

Health: -3/59      AC: 13    Str: 20    XL:     7   Next: 10%
Magic:  10/10      EV:  9    Int: 10    God:
Gold:   282        SH: 11    Dex: 15    Spells: 10/10 levels left

rFire    . . .     SeeInvis .   a - +0 war axe
rCold    . . .     Gourm    .   c - +0 shield
rNeg     . . .     Faith    .   b - +0 scale mail
rPois    .         Spirit   .   (no helmet)
rElec    .         Reflect  .   g - +1 cloak
rCorr    .         Harm     .   e - +0 pair of gloves
MR       .....                  j - +1 pair of boots
Stlth    +.........             (no amulet)
HPRegen  0.19/turn              (no ring)
MPRegen  0.12/turn              (no ring)

@: no status effects
A: distributed training, fangs 1, strong nose
a: no special abilities


You were on level 4 of the Dungeon.
You were not hungry.

You visited 1 branch of the dungeon, and saw 4 of its levels.

You collected 282 gold pieces.

Inventory:

Hand Weapons
 a - a +0 war axe (weapon)
 n - a +4 flail of holy wrath
Missiles
 h - 97 stones (quivered)
 i - 18 sling bullets
 l - 32 arrows
 o - 15 poisoned darts
Armour
 b - a +0 scale mail (worn)
 c - a +0 shield (worn)
 e - a +0 pair of gloves (worn)
 g - a +1 cloak (worn)
 j - a +1 pair of boots (worn)
Wands
 m - a wand of flame (8)
Scrolls
 r - a scroll of remove curse
Potions
 d - a potion of might
 k - a potion of curing
Comestibles
 f - 5 rations


   Skills:
 + Level 6.9 Fighting
 + Level 2.2 Short Blades
 + Level 2.2 Long Blades
 + Level 5.1 Axes
 + Level 2.2 Maces & Flails
 + Level 2.2 Polearms
 + Level 2.2 Staves
 + Level 2.2 Slings
 + Level 2.2 Bows
 + Level 2.2 Crossbows
 + Level 2.2 Throwing
 + Level 6.9 Armour
 + Level 2.2 Dodging
 + Level 2.2 Stealth
 + Level 6.9 Shields
 + Level 2.2 Unarmed Combat
 + Level 2.2 Spellcasting
 + Level 1.8 Conjurations
 + Level 1.8 Hexes
 + Level 1.8 Charms
 + Level 1.8 Summonings
 + Level 1.8 Necromancy
 + Level 1.8 Translocations
 + Level 1.8 Transmutations
 + Level 1.8 Fire Magic
 + Level 1.8 Ice Magic
 + Level 1.8 Air Magic
 + Level 1.8 Earth Magic
 + Level 1.8 Poison Magic
 + Level 2.5 Invocations
 + Level 2.2 Evocations


You had 10 spell levels left.
You didn't know any spells.
Your spell library was empty.

Dungeon Overview and Level Annotations

Branches:
Dungeon (4/15)
 Temple: D:4-7

Altars:
Dithmenos
Fedhas
Wu Jian

Annotations:
D:4 Blork the orc, Menkaure


Innate Abilities, Weirdness & Mutations

Your experience applies equally to all skills.
You have very sharp teeth.
Your uncanny sense of smell can sniff out nearby items.


Message History

Your shield prevents you from hitting something.
Unknown command.
Your shield prevents you from hitting something.
Something completely misses you. Something hits you!
* * * LOW HITPOINT WARNING * * *
Unknown command.
You miss something. You block something's attack.
You miss something. Something hits you.
* * * LOW HITPOINT WARNING * * *
Something hits you but does no damage.
Unknown command.
You hit something. Your bite misses something.
You hear some strange, mumbled words.
A magic dart appears from out of thin air!
The magic dart hits you.
* * * LOW HITPOINT WARNING * * *
Menkaure calls on the powers of darkness!
Something is bathed in an unholy light!
You feel a surge of unholy energy. Something hits you.
You die...

#.# ### ###.# #.. ...#
#.#####..# #....##..#
##.###...M....#########
#.........##...........
##.###.#####...########
#.@{M......#
#######...## ##.## #.#
#.# #+#


You could see Menkaure.

Vanquished Creatures
  A sky beast (D:3)
  A centaur (D:2)
  An orc priest (D:3)
  Crazy Yiuf (D:2)
  A centaur skeleton (D:4)
  Terence (D:3)
  Ijyb (D:3)
  4 gnolls (D:2)
  7 adders
  An adder skeleton (D:2)
  2 worms
  A dart slug (D:3)
  2 leopard geckos
  2 orcs (D:3)
  9 giant cockroaches
  6 goblins
  3 hobgoblins
  2 jackals (D:1)
  A ball python (D:1)
  8 bats
  2 frilled lizards
  7 kobolds
  6 rats
70 creatures vanquished.

Notes
Turn   | Place    | Note
-------+----------+-------------------------------------------
     0 | D:1      | DungeonDestroyer the Gnoll Fighter began the quest for the
                  | Orb.
     0 | D:1      | Reached XP level 1. HP: 23/23 MP: 1/1
   216 | D:1      | Reached XP level 2. HP: 29/29 MP: 2/2
   793 | D:2      | Reached XP level 3. HP: 35/35 MP: 3/3
   890 | D:2      | Reached skill level 1 in Invocations
   893 | D:2      | Reached skill level 1 in Short Blades
   893 | D:2      | Reached skill level 1 in Long Blades
   893 | D:2      | Reached skill level 1 in Maces & Flails
   893 | D:2      | Reached skill level 1 in Polearms
   893 | D:2      | Reached skill level 1 in Staves
   893 | D:2      | Reached skill level 1 in Slings
   893 | D:2      | Reached skill level 1 in Bows
   893 | D:2      | Reached skill level 1 in Crossbows
   893 | D:2      | Reached skill level 1 in Throwing
   893 | D:2      | Reached skill level 1 in Dodging
   893 | D:2      | Reached skill level 1 in Stealth
   893 | D:2      | Reached skill level 1 in Unarmed Combat
   893 | D:2      | Reached skill level 1 in Spellcasting
   893 | D:2      | Reached skill level 1 in Evocations
   895 | D:2      | Reached XP level 4. HP: 36/41 MP: 5/5
  1006 | D:2      | Reached skill level 1 in Conjurations
  1006 | D:2      | Reached skill level 1 in Hexes
  1006 | D:2      | Reached skill level 1 in Charms
  1006 | D:2      | Reached skill level 1 in Summonings
  1006 | D:2      | Reached skill level 1 in Necromancy
  1006 | D:2      | Reached skill level 1 in Translocations
  1006 | D:2      | Reached skill level 1 in Transmutations
  1006 | D:2      | Reached skill level 1 in Fire Magic
  1006 | D:2      | Reached skill level 1 in Ice Magic
  1006 | D:2      | Reached skill level 1 in Air Magic
  1006 | D:2      | Reached skill level 1 in Earth Magic
  1006 | D:2      | Reached skill level 1 in Poison Magic
  1034 | D:2      | Noticed a centaur
  1043 | D:2      | Killed a centaur
  1043 | D:2      | Reached XP level 5. HP: 44/47 MP: 5/7
  1071 | D:2      | Found a blossoming altar of Fedhas.
  1298 | D:2      | Found a runed translucent door.
  1299 | D:2      | Noticed Crazy Yiuf
  1374 | D:2      | Found an ornate altar of the Wu Jian Council.
  1554 | D:2      | Killed Crazy Yiuf
  1830 | D:3      | Noticed a sky beast
  1849 | D:3      | Killed a sky beast
  1849 | D:3      | Reached XP level 6. HP: 31/53 MP: 8/8
  1851 | D:3      | Reached skill level 5 in Axes
  2210 | D:3      | Found a shadowy altar of Dithmenos.
  2455 | D:3      | Noticed Terence
  2466 | D:3      | Killed Terence
  2511 | D:3      | Noticed Ijyb
  2531 | D:3      | Killed Ijyb
  2531 | D:3      | Reached XP level 7. HP: 18/59 MP: 10/10
  3227 | D:4      | Noticed Blork the orc
  3228 | D:4      | Noticed Menkaure
  3269 | D:4      | HP: 1/59 [something/magic dart (4)]
  3269 | D:4      | Slain by Blork the orc

Levels and vault maps discovered:
D:1:      dpeg_arrival_chase, layout_loops_ring
D:2:      layout_rooms, nicolae_overflow_crystal_walls, marbit_many_paths,
          serial_forest, infiniplex_forest_straight_5, infiniplex_forest_end_1,
          infiniplex_forest_clump_medium, infiniplex_forest_fountain,
          infiniplex_forest_corner_1, infiniplex_forest_clump_curved,
          infiniplex_forest_lined_corner, uniq_crazy_yiuf_cottage
D:3:      layout_loops_ring, lemuel_round_altar, serial_forest,
          infiniplex_forest_clump_long, infiniplex_forest_lined_3_way,
          infiniplex_forest_corner_1, infiniplex_forest_lined_4_way,
          infiniplex_forest_end_2, infiniplex_forest_clump_large,
          infiniplex_forest_3_way, infiniplex_forest_straight_4,
          infiniplex_forest_3_way, first_ration, uniq_terence, uniq_ijyb
D:4:      layout_loops_corners, uniq_menkaure, uniq_edmund, uniq_blork_the_orc

Skill      XL: |  1  2  3  4  5  6 |
---------------+-------------------+-----
Invocations    | 1 2 |  2.5
Short Blades   | 1 2 |  2.2
Long Blades    | 1 2 |  2.2
Maces & Flails | 1 2 |  2.2
Polearms       | 1 2 |  2.2
Staves         | 1 2 |  2.2
Slings         | 1 2 |  2.2
Bows           | 1 2 |  2.2
Crossbows      | 1 2 |  2.2
Throwing       | 1 2 |  2.2
Dodging        | 1 2 |  2.2
Stealth        | 1 2 |  2.2
Unarmed Combat | 1 2 |  2.2
Spellcasting   | 1 2 |  2.2
Evocations     | 1 2 |  2.2
Conjurations   | 1 |  1.8
Hexes          | 1 |  1.8
Charms         | 1 |  1.8
Summonings     | 1 |  1.8
Necromancy     | 1 |  1.8
Translocations | 1 |  1.8
Transmutations | 1 |  1.8
Fire Magic     | 1 |  1.8
Ice Magic      | 1 |  1.8
Air Magic      | 1 |  1.8
Earth Magic    | 1 |  1.8
Poison Magic   | 1 |  1.8
Axes           | 5 |  5.1
Fighting       | |  6.9
Armour         | |  6.9
Shields        | |  6.9

Action                   |  1- 3 |  4- 6 |  7- 9 || total
-------------------------+-------+-------+-------++-------
Melee: War axe           |    69 |   149 |    20 ||   238
       Bite              |     5 |    11 |     2 ||    18
Evoke: Wand              |       |       |     3 ||     3
  Use: Scroll            |     2 |     4 |     1 ||     7
       Potion            |     2 |     1 |       ||     3
  Eat: Chunk             |       |     2 |       ||     2
       Ration            |       |     1 |     1 ||     2
Armor: Scale mail        |    33 |    56 |    13 ||   102
Dodge: Dodged            |    26 |    38 |     8 ||    72
Block: Shield            |    51 |    85 |    11 ||   147
